 Dungeon Crawl Stone Soup version 0.29.1-15-g9cfb28693d (webtiles) character file.

Game seed: 3450308069992666834

33309 promet the Covert (level 13, -2/70 HPs)
             Began as a Vine Stalker Brigand on Mar 3, 2023.
             Was a High Priest of Dithmenos.
             Killed by divine providence
             ... invoked by a meliai
              (12 damage)
             ... on level 4 of the Lair of Beasts on Mar 4, 2023.
             The game lasted 02:19:38 (19967 turns).

promet the Covert (Vine Stalker Brigand)           Turns: 19967, Time: 02:19:39

Health: -2/70      AC: 11    Str: 13    XL:     13   Next: 70%
Magic:  0/27       EV: 16    Int: 13    God:    Dithmenos [*****.]
Gold:   876        SH:  0    Dex: 28    Spells: 14/18 levels left

rFire   . . .      SeeInvis +   e - +7 hand axe "Pevip" {venom, rCorr Dex+2 SInv}
rCold   . . .      Faith    +   (no shield)
rNeg    . . .      Spirit   +   P - +1 troll leather armour
rPois   +          Reflect  .   (no helmet)
rElec   .          Harm     .   I - +1 cloak
rCorr   +          Rampage  .   L - +2 pair of gloves
Will    ++...                   (no boots) Stlth **++++++++
                                Z - amulet of faith
HPRegen 1.81/turn               E - ring "Axefeu Eruic" {rPois MP+9 Dex+4}
MPRegen 0.20/turn               N - ring of willpower

@: about to teleport, wreathed by umbra
A: fangs 3, regeneration 1, magic shield, antimagic bite, no potion heal 2, thin
skeletal structure 1, see invisible, wild magic 1
a: Renounce Religion, Shadow Step, Shadow Form


You were on level 4 of the Lair of Beasts.
You worshipped Dithmenos.
Dithmenos was extremely pleased with you.
You visited 3 branches of the dungeon, and saw 16 of its levels.
You also visited: Bailey.

You collected 1015 gold pieces.
You spent 139 gold pieces at shops.

Inventory:

Hand Weapons
 a - a +11 quick blade
 b - a +0 hand crossbow of flaming
 c - a +2 rapier of venom
 d - the +7 flail of Circularity {vorpal, +Blink}
   (You found it on level 1 of the Lair of Beasts)

   It inflicts extra damage upon your enemies.
   +Blink:    It lets you blink.
 e - the +7 hand axe "Pevip" (weapon) {venom, rCorr Dex+2 SInv}
   (You found it on level 7 of the Dungeon)

   It poisons the flesh of those it strikes.
   Dex:       It affects your dexterity (+2).
   SInv:      It lets you see invisible.
   rCorr:     It protects you from acid and corrosion.
 h - a +2 spear of flaming
 u - a +0 long sword of pain
 w - a +0 arbalest
 A - a +3 mace
 D - a +2 trident of venom
 M - a +0 vampiric halberd
 U - a +0 whip of draining
Missiles
 f - 26 poisoned darts
 g - 149 stones
 i - 2 curare-tipped darts
 t - 4 atropa-tipped darts
 J - 4 boomerangs (quivered)
 K - a throwing net
Armour
 m - the +1 plate armour of Liberty {Will- rCorr Str+9 Dex+3}
   (You found it on level 1 of the Lair of Beasts)

   Str:       It affects your strength (+9).
   Dex:       It affects your dexterity (+3).
   rCorr:     It protects you from acid and corrosion.
   Will:      It decreases your willpower.
 F - +0 swamp dragon scales
 H - the +7 scale mail of Resourcefulness {-Cast rElec rN+ Dex+4}
   (You found it in a bailey)

   Dex:       It affects your dexterity (+4).
   rElec:     It insulates you from electricity.
   rN:        It protects you from negative energy.
   -Cast:     It prevents spellcasting.
 I - a +1 cloak (worn)
 L - a +2 pair of gloves (worn)
 P - a +1 troll leather armour (worn)
Jewellery
 l - a ring of protection from fire
 r - a +6 ring of dexterity
 y - a ring of willpower
 z - a +6 ring of strength
 E - the ring "Axefeu Eruic" (left hand) {rPois MP+9 Dex+4}
   (You found it on level 6 of the Dungeon)

   [ring of magical power]

   Dex:       It affects your dexterity (+4).
   rPois:     It protects you from poison.
   MP:        It affects your magic capacity (+9).
 N - a ring of willpower (right hand)
 Z - an amulet of faith (around neck)
Wands
 o - a wand of polymorph (12)
 q - a wand of light (17)
 v - a wand of charming (5)
 x - a wand of roots (19)
 V - a wand of flame (17)
 X - a wand of mindburst (5)
Scrolls
 k - a scroll of poison
 n - 3 scrolls of magic mapping
 p - a scroll of butterflies
 s - 4 scrolls of amnesia
 S - a scroll of enchant armour
 T - 2 scrolls of teleportation
 W - 3 scrolls of summoning
 Y - a scroll of blinking
Potions
 j - 3 potions of flight
 B - 2 potions of heal wounds
 G - 7 potions of curing
 O - 2 potions of might
 Q - a potion of invisibility
 R - 3 potions of haste


   Skills:
 + Level 9.4 Fighting
 + Level 7.6 Short Blades
 + Level 8.9(9.0) Axes
 + Level 1.7(5.9) Maces & Flails
 + Level 5.3 Ranged Weapons
 + Level 3.3 Throwing
 + Level 5.4 Armour
 * Level 5.5 Dodging
 + Level 14.5 Stealth
 + Level 3.0 Spellcasting
 + Level 1.3 Conjurations
 + Level 0.1 Transmutations
 + Level 0.4 Earth Magic
 + Level 3.5 Evocations


You had 14 spell levels left.
You knew the following spells:

 Your Spells              Type           Power      Damage    Failure   Level
a - Searing Ray           Conj           14%        2d5       32%         2
b - Magic Dart            Conj           28%        1d4       22%         1
c - Sandblast             Erth           6%         2d5       32%         1

Your spell library contained the following spells:

 Spells                   Type           Power      Damage    Failure   Level
 Beastly Appendage        Tmut           4%         N/A       34%         1
 Apportation              Tloc           4%         N/A       36%         1
 Necrotise                Necr           8%         1d4       36%         1
 Summon Small Mammal      Summ           8%         N/A       36%         1
 Passwall                 Tmut/Erth      2%         N/A       45%         2
 Wereblood                Tmut           2%         N/A       47%         2
 Stone Arrow              Conj/Erth      10%        3d7       61%         3
 Conjure Flame            Conj/Fire      4%         6-21      63%         3
 Frozen Ramparts          Ice            4%         1d1       71%         3
 Ignite Poison            Fire/Tmut/Pois 2%         N/A       71%         3
 Spider Form              Tmut/Pois      2%         N/A       71%         3
 Summon Guardian Golem    Hex/Summ       2%         N/A       71%         3
 Fulminant Prism          Conj/Hex       2%         3d6       95%         4
 Sticky Flame             Conj/Fire      4%         2d3       95%         4
 Anguish                  Hex/Necr       1%         N/A       97%         4
 Ice Form                 Ice/Tmut       2%         N/A       97%         4
 Summon Ice Beast         Ice/Summ       2%         N/A       97%         4
 Blade Hands              Tmut           1%         N/A       100%        5
 Fireball                 Conj/Fire      2%         3d4       100%        5
 Irradiate                Conj/Tmut      2%         3d12      100%        5
 Summon Mana Viper        Hex/Summ       2%         N/A       100%        5
 Dragon Form              Tmut           1%         N/A       100%        7
 Orb of Destruction       Conj           3%         9d5       100%        7
 Spellforged Servitor     Conj/Summ      2%         N/A       100%        7
 Chain Lightning          Conj/Air       2%         3d2       100%        9
 Fire Storm               Conj/Fire      2%         8d1       100%        9
 Shatter                  Erth           1%         3d6*      100%        9


Dungeon Overview and Level Annotations

Branches:
Dungeon (11/15)            Temple (1/1) D:7            Lair (4/5) D:8
  Swamp (0/4) Lair:2        Snake (0/4) Lair:2        Slime (0/5) Lair:4
 Bailey (visited)
    Orc: D:9-12

Altars:
Ashenzari
Cheibriados
Dithmenos
Elyvilon
Fedhas
Gozag
Hepliaklqana
Kikubaaqudgha
Makhleb
Nemelex Xobeh
Okawaru
Qazlal
Ru
Sif Muna
Trog
Uskayaw
Vehumet
Wu Jian
Xom
Yredelemnul
Zin
The Shining One
Jiyva

Shops:
D:5 (   D:8 (:*:[


Innate Abilities, Weirdness & Mutations

You have razor-sharp teeth.
Your natural rate of healing is unusually fast.
When hurt, damage is shared between your health and your magic reserves.
Your bite disrupts and absorbs the magic of your enemies.
Potions cannot restore your health.
You have a somewhat thin skeletal structure. (Dex +2, Stealth+)
You have supernaturally acute eyesight. (SInv)
Your spells are a little harder to cast, but a little more powerful.


Message History

The meliai barely misses you.
The killer bee attacks as you move away!
The killer bee closely misses you.
You feel sick.
The meliai calls down the wrath of its god upon you.
Something smites you!
You hit the killer bee.
You bite the killer bee, but do no damage.
The killer bee is moderately wounded.
You hit the plant.
The plant begins to die.
You feel sick. Dithmenos accepts your kill.
You feel a bit more experienced. The killer bee barely misses you.
You feel sick.
The killer bee seems to regain its courage.
The killer bee stings the plant.
The killer bee completely misses you.
The meliai mumbles some strange prayers to its god against you.
Something smites you!
The killer bee stings the plant!
You barely miss the killer bee. You hit the plant. You closely miss the meliai.
The meliai seems to regain its courage.
The killer bee closely misses you. The meliai misses you.
The meliai barely misses you.
The killer bee stings the plant.
The meliai calls down the wrath of its god upon you.
Something smites you!
* * * LOW HITPOINT WARNING * * *
The meliai misses you. The meliai barely misses you.
As you read the scroll of teleportation, it crumbles to dust.
You feel strangely unstable.
You feel sick.
The killer bee stings you but does no damage.
The meliai calls down the wrath of its god upon you.
Something smites you!
* * * LOW HITPOINT WARNING * * *
The killer bee misses you. The killer bee barely misses you.
The meliai completely misses you.
The meliai stings you but does no damage.
The killer bee closely misses you. The killer bee misses you.
Your system rejects the healing.
You feel better.
The killer bee seems to regain its courage.
A nearby plant withers and dies.
The killer bee misses you.
The meliai mumbles some strange prayers to its god against you.
Something smites you!
You die...

.....###............ ###
.......#...........# ##.###
........#..........####...##
.......†...........##.......
..........#........#.......<
..........#...........<.....
............................
..........#yy_..............
..........y@.y..............
........##.y................
....[..#............#.......
.......###...........###....
.....# #...........#...##..
...# #....................
.## #....................
P..............#..####
.................###


You could see 2 meliai and 3 killer bees.

Vanquished Creatures
  4 hydras
  2 catoblepae
  3 two-headed ogres
  2 death yaks (Lair:1)
  2 black mambas (Lair:1)
  10 elephants
  A torpor snail (Lair:1)
  13 cane toads
  2 gargoyles
  A demonic crawler (Lair:3)
  Maggie (D:7)
  2 rime drakes (Lair:1)
  A komodo dragon (Lair:3)
  2 trolls
  A hornet (D:8)
  Grinder (D:6)
  Prince Ribbit (D:8)
  12 blink frogs
  3 wyverns
  A vampire (Bailey)
  30 yaks
  2 steam dragons (D:8)
  3 basilisks
  3 wargs
  6 swamp worms
  2 nagas (Lair:2)
  2 acid dragons
  12 water moccasins
  4 orc warriors
  3 sky beasts
  An ice beast (D:6)
  A black bear (D:5)
  3 centaurs
  An ogre (D:5)
  10 wolves
  2 phantoms
  A kobold brigand (D:8)
  8 bullfrogs
  3 necrophages (D:6)
  A gnoll sergeant (D:8)
  3 scorpions
  2 wights
  13 killer bees
  2 howler monkeys
  8 vampire bats (Bailey)
  7 wolf zombies (Bailey)
  4 electric eels (Lair:3)
  2 hounds
  7 orc priests
  A gnoll bouda (D:5)
  2 iguanas
  8 orc wizards
  8 gnolls
  2 adders
  A shadow imp (D:7)
  2 white imps
  A worm (D:3)
  3 dart slugs
  30 orcs
  6 ball pythons
  7 endoplasms
  3 giant cockroaches
  9 goblins
  6 hobgoblins
  6 jackals
  6 quokkas
  4 bats
  3 frilled lizards
  20 kobolds
  21 orc zombies (Bailey)
  2 rats
362 creatures vanquished.

Vanquished Creatures (collateral kills)
  A sky beast (D:8)
  An endoplasm (D:2)
2 creatures vanquished.

Vanquished Creatures (others)
  An orc (D:8)
  28 fungi
  65 plants
94 creatures vanquished.

Grand Total: 458 creatures vanquished

Notes
Turn   | Place    | Note
-------+----------+-------------------------------------------
     0 | D:1      | promet the Vine Stalker Brigand began the quest for the
                  | Orb.
     0 | D:1      | Reached XP level 1. HP: 11/11 MP: 2/2
    93 | D:1      | Reached skill level 5 in Stealth
   311 | D:1      | Reached XP level 2. HP: 15/15 MP: 1/3
   423 | D:1      | Found a faded altar of an unknown god.
  1200 | D:2      | Reached XP level 3. HP: 18/18 MP: 4/4
  1937 | D:3      | Reached skill level 6 in Stealth
  2041 | D:3      | Gained mutation: Your natural rate of healing is unusually
                  | fast. [Vine Stalker growth]
  2041 | D:3      | Reached XP level 4. HP: 23/23 MP: 5/5
  2359 | D:3      | Learned a level 1 spell: Beastly Appendage
  2361 | D:3      | Learned a level 1 spell: Magic Dart
  2363 | D:3      | Learned a level 1 spell: Sandblast
  2872 | D:4      | Reached skill level 1 in Dodging
  2936 | D:4      | Reached XP level 5. HP: 27/27 MP: 6/6
  2949 | D:4      | Gained mutation: You occasionally lose the ability to drink
                  | potions when taking damage. [potion of mutation]
  2949 | D:4      | Gained mutation: You have a somewhat thin skeletal
                  | structure. (Dex +2, Stealth+) [potion of mutation]
  2949 | D:4      | Gained mutation: You have a pair of small horns on your
                  | head. [potion of mutation]
  3017 | D:4      | Noticed a phantom
  3024 | D:4      | Killed a phantom
  3025 | D:4      | Reached XP level 6. HP: 32/32 MP: 7/7
  3309 | D:4      | Reached skill level 7 in Stealth
  3485 | D:5      | Entered Level 5 of the Dungeon
  3733 | D:5      | Noticed an orc warrior
  3747 | D:5      | Killed an orc warrior
  3797 | D:5      | Found an ornate altar of the Wu Jian Council.
  3860 | D:5      | Noticed a black bear
  3866 | D:5      | Killed a black bear
  3867 | D:5      | Reached XP level 7. HP: 37/37 MP: 8/8
  4001 | D:5      | Reached skill level 8 in Stealth
  4189 | D:5      | Gained mutation: You have razor-sharp teeth. [Vine Stalker
                  | growth]
  4189 | D:5      | Reached XP level 8. HP: 42/42 MP: 9/9
  4274 | D:5      | Reached skill level 9 in Stealth
  4301 | D:5      | Found Sumud's Antique Weapon Boutique.
  4560 | D:6      | Reached skill level 5 in Short Blades
  4768 | D:6      | Reached skill level 5 in Fighting
  4937 | D:6      | Found a shimmering blue altar of Sif Muna.
  5044 | D:6      | Identified the ring "Axefeu Eruic" {rPois MP+9 Dex+4}
  5451 | D:6      | Reached skill level 10 in Stealth
  5451 | D:6      | Reached XP level 9. HP: 47/47 MP: 10/10
  5508 | D:6      | Noticed Grinder
  5513 | D:6      | Killed Grinder
  5852 | D:7      | Found a hazy altar of Hepliaklqana.
  5929 | D:7      | Found a staircase to the Ecumenical Temple.
  5947 | Temple   | Entered the Ecumenical Temple
  6116 | Temple   | Became a worshipper of Dithmenos the Shadowed
  6310 | D:7      | Identified the +7 hand axe "Pevip" {venom, rCorr Dex+2
                  | SInv}
  6656 | D:7      | Reached skill level 1 in Spellcasting
  6658 | D:7      | Reached skill level 11 in Stealth
  6683 | D:7      | Noticed Maggie
  6700 | D:7      | Killed Maggie
  6810 | D:7      | Found an iron altar of Okawaru.
  7298 | D:8      | Found Pukihog's Antique Weapon Boutique.
  7300 | D:8      | Found Qunibingau's Book Boutique.
  7501 | D:7      | Reached skill level 12 in Stealth
  7501 | D:7      | Reached XP level 10. HP: 40/53 MP: 13/13
  7569 | D:7      | Reached skill level 1 in Armour
  7849 | D:8      | Found a staircase to the Lair.
  7967 | D:8      | Found Xuwu's Book Shoppe.
  7970 | D:8      | Found Warac's Armour Shop.
  7971 | D:8      | Found Bowor's Assorted Antiques.
  8072 | D:8      | Found a stormy altar of Qazlal.
  8250 | D:8      | Bought an arbalest for 139 gold pieces
  8393 | D:8      | Noticed Prince Ribbit
  8397 | D:8      | Killed Prince Ribbit
  8400 | D:8      | Reached skill level 1 in Axes
  8455 | D:8      | Reached * piety under Dithmenos
  8532 | D:8      | Reached skill level 1 in Ranged Weapons
  9246 | D:9      | Found a flagged portal.
  9302 | Bailey   | Entered a bailey
  9352 | Bailey   | Reached XP level 11. HP: 58/58 MP: 15/15
  9520 | Bailey   | Reached ** piety under Dithmenos
  9727 | Bailey   | Got the Verses on Enthralling Calefaction
  9780 | Bailey   | Identified the +7 scale mail of Resourcefulness {-Cast
                  | rElec rN+ Dex+4}
 10322 | D:9      | Reached skill level 13 in Stealth
 10516 | D:9      | Noticed a two-headed ogre
 10534 | D:9      | Killed a two-headed ogre
 10900 | D:9      | Reached *** piety under Dithmenos
 11288 | D:10     | Entered Level 10 of the Dungeon
 11755 | D:10     | Noticed a two-headed ogre
 11829 | D:10     | Noticed a two-headed ogre
 12524 | D:10     | Killed a two-headed ogre
 12718 | D:10     | HP: 2/60 [two-headed ogre/+0 giant spiked club (24)]
 12720 | D:10     | Killed a two-headed ogre
 12721 | D:10     | Reached skill level 5 in Axes
 13234 | Lair:1   | Entered Level 1 of the Lair of Beasts
 13292 | Lair:1   | Identified the +1 plate armour of Liberty {Will- rCorr
                  | Str+9 Dex+3}
 13493 | Lair:1   | Reached XP level 12. HP: 44/64 MP: 15/16
 14138 | Lair:1   | Noticed a death yak
 14140 | Lair:1   | Reached skill level 5 in Armour
 14143 | Lair:1   | Noticed a death yak
 14145 | Lair:1   | Killed a death yak
 14275 | Lair:1   | Identified the +7 flail of Circularity {vorpal, +Blink}
 14392 | Lair:1   | Killed a death yak
 14393 | Lair:1   | Reached skill level 14 in Stealth
 14393 | Lair:1   | Reached skill level 1 in Conjurations
 14393 | Lair:1   | Reached skill level 1 in Evocations
 15261 | Lair:1   | Reached **** piety under Dithmenos
 15382 | Lair:2   | Noticed a four-headed hydra
 15426 | Lair:2   | Killed a four-headed hydra
 15677 | D:6      | Lost mutation: You occasionally lose the ability to drink
                  | potions when taking damage. [potion of mutation]
 15677 | D:6      | Lost mutation: You have a pair of small horns on your head.
                  | [potion of mutation]
 15677 | D:6      | Gained mutation: You have supernaturally acute eyesight.
                  | (SInv) [potion of mutation]
 15677 | D:6      | Gained mutation: Your spells are a little harder to cast,
                  | but a little more powerful. [potion of mutation]
 16246 | Lair:1   | Reached skill level 1 in Maces & Flails
 16330 | Lair:2   | Reached XP level 13. HP: 70/70 MP: 18/18
 17127 | Lair:2   | Found a staircase to the Snake Pit.
 17447 | Lair:2   | Reached skill level 5 in Dodging
 17793 | Lair:2   | Found a staircase to the Swamp.
 17898 | Lair:3   | Reached ***** piety under Dithmenos
 17976 | Lair:3   | Found a shimmering blue altar of Sif Muna.
 18533 | Lair:3   | Learned a level 2 spell: Searing Ray
 18581 | Lair:3   | Reached skill level 5 in Ranged Weapons
 19660 | Lair:4   | Found a staircase to the Slime Pits.
 19927 | Lair:4   | Found a viscous altar of Jiyva.
 19967 | Lair:4   | Killed from afar by a meliai

Illustrated notes

Levels and vault maps discovered:
D:1:      lordsloth_arrival_two_stooges, layout_basic, basic_ecumenical_altar
D:2:      layout_loops_ring
D:3:      layout_loops_corners
D:4:      layout_gridville
D:5:      minmay_chambers_of_fours, layout_loops_cross,
          nicolae_wu_jian_wuxing_cycle, serial_shops, shop_statue,
          minmay_stone_trees_large, kennysheep_potato
D:6:      layout_gridville, nicolae_sif_muna_little_library, uniq_grinder
D:7:      layout_loops_corners, kennysheep_mini_moat,
          mainiacjoe_overflow_24_doors, minmay_temple_entry_overgrown,
          serial_aquarium, aquarium_bridge_island_small
          [aquarium_subvault_small_water, aquarium_subvault_window,
          aquarium_subvault_bridge, aquarium_subvault_wall,
          aquarium_subvault_balcony], aquarium_window_2, aquarium_window_fake,
          aquarium_view_2c, aquarium_view_2a, aquarium_pool_corner, uniq_maggie
D:8:      layout_rooms, mainiacjoe_overflow_tiny_flanked,
          erik_lair_orcish_takeover, serial_shops, nicolae_shop_statue_plus,
          shop_fountains, shop, shop, shop, grunt_decor_fettered,
          minmay_alternating_orb, uniq_prince_ribbit1
D:9:      layout_loops_corners, enter_bailey_5, minmay_variable_closet,
          minmay_crystal_room, minmay_misc_feat_x
D:10:     layout_loops_cross, kennysheep_opposing_triangles
D:11:     layout_grid_maze, david_orc_4, serial_bayou_pond_a
Temple:   bh_familiar_temple
Lair:1:   layout_roguey, st_stairs_8, grunt_megastairs_4, lemuel_fruit_fields,
          infiniplex_staircase_pool_2, serial_bayou_shore_b
Lair:2:   layout_small_grid, palyth_hydra_swamp_entry,
          guppyfry_snake_entry_garden
Lair:3:   layout_roguey, basic_altar, serial_bayou_pond_b,
          chequers_serial_rivers_small_a, worms_lemuel, serial_bayou_shore_a,
          grunt_megastairs_2
Lair:4:   layout_cave_pods, slime_entry_1, special_room [special_room_bee]

Skill      XL: |  1  2  3  4  5  6  7  8  9 10 11 12 13 |
---------------+----------------------------------------+-----
Stealth        | 5 6 7 8 10 12 13 14 | 14.5
Short Blades   | 2 3 4 5 6 7 |  7.6
Throwing       | 2 3 |  3.3
Fighting       | 2 3 4 5 6 7 8 9 |  9.4
Dodging        | 1 2 3 4 5 |  5.5
Spellcasting   | 1 2 3 |  3.0
Armour         | 3 4 5 |  5.4
Axes           | 2 5 8 |  8.9
Ranged Weapons | 1 2 4 5 |  5.3
Conjurations   | 1 |  1.3
Evocations     | 2 3 |  3.5
Maces & Flails | 1 |  1.7
Transmutations | |  0.1
Earth Magic    | |  0.4

Action                   |  1- 3 |  4- 6 |  7- 9 | 10-12 | 13-15 || total
-------------------------+-------+-------+-------+-------+-------++-------
Melee: Rapier            |    77 |    87 |   113 |   147 |    55 ||   479
       Bite              |    16 |    13 |    32 |   212 |   107 ||   380
       Dagger            |     2 |       |       |       |       ||     2
       Headbutt          |       |     9 |    27 |   134 |       ||   170
       Punch             |       |     1 |     2 |     6 |     5 ||    14
       Hand axe          |       |       |       |   334 |   136 ||   470
       Flail             |       |       |       |     8 |    11 ||    19
       Quick blade       |       |       |       |       |     9 ||     9
       Whip              |       |       |       |       |     5 ||     5
 Fire: Arbalest          |       |       |       |   117 |    30 ||   147
       Shortbow          |       |       |       |     3 |       ||     3
Throw: Dart              |       |       |    12 |    10 |       ||    22
       Stone             |       |       |       |     9 |       ||     9
       Boomerang         |       |       |       |     1 |    10 ||    11
 Cast: Beastly Appendage |       |     2 |       |       |       ||     2
       Magic Dart        |       |       |     2 |    28 |     1 ||    31
       Sandblast         |       |       |       |     3 |     1 ||     4
Invok: Shadow Step       |       |       |       |       |     1 ||     1
 Abil: Evoke Blink       |       |       |       |       |     1 ||     1
Evoke: Wand              |       |       |     1 |     7 |     5 ||    13
  Use: Scroll            |     6 |     6 |     8 |     8 |     8 ||    36
       Potion            |       |     4 |     3 |     5 |     2 ||    14
 Stab: Sleeping          |    13 |    12 |    19 |    17 |    12 ||    73
       Distracted        |       |     2 |     1 |     3 |     2 ||     8
       Invisible         |       |       |     2 |     4 |     1 ||     7
Armor: Robe              |    19 |    17 |    12 |       |       ||    48
       Swamp dragon scal |       |       |     4 |    60 |       ||    64
       Scale mail        |       |       |       |    39 |       ||    39
       Plate armour      |       |       |       |    14 |       ||    14
       Troll leather arm |       |       |       |    46 |    67 ||   113
Dodge: Dodged            |    29 |    37 |    59 |   376 |   220 ||   721
